 Dungeon Crawl Stone Soup version 0.28-a0-872-g80cf8599ee (webtiles) character file.

Game seed: 1643770645778173870

735 orbtoucher the Sneak (level 7, -6/34 (35) HPs)
             Began as a Spriggan Enchanter on Nov 21, 2021.
             Killed from afar by Maggie (20 damage)
             ... with a bolt of fire
             ... on level 7 of the Dungeon.
             The game lasted 00:28:48 (6223 turns).

orbtoucher the Sneak (Spriggan Enchanter)           Turns: 6223, Time: 00:28:49

HP:   -6/34 (35)    AC:  2    Str:  6    XL:     7   Next: 45%
MP:   14/14         EV: 18    Int: 17    God:
Gold: 160           SH:  0    Dex: 15    Spells: 3/14 levels left

rFire   . . .      SeeInvis +   a - +1 dagger (venom)
rCold   . . .      Faith    .   (shield restricted)
rNeg    . . .      Spirit   .   m - +0 robe
rPois   .          Reflect  .   (helmet restricted)
rElec   .          Harm     .   (no cloak)
rCorr   .          Rampage  .   (gloves unavailable)
Will    +....                   (boots unavailable)
Stlth   +++.......              (no amulet)
HPRegen 0.11/turn               (no ring)
MPRegen 0.14/turn               (no ring)

@: lightly drained, very quick
A: very small, no large weapons, unfitting armour, see invisible, speed 3
a: no special abilities


You were on level 7 of the Dungeon.
You visited 1 branch of the dungeon, and saw 5 of its levels.

You collected 160 gold pieces.

Inventory:

Hand Weapons
 a - a +1 dagger of venom (weapon)
 b - a +2 dagger of draining
Missiles
 g - 65 stones (quivered)
 r - a throwing net
Armour
 m - a +0 robe (worn)
Scrolls
 d - a scroll of identify
 e - a scroll of immolation {unknown}
 f - 2 scrolls of magic mapping
 k - a scroll of enchant armour {unknown}
 l - a scroll of holy word {unknown}
 n - a scroll of vulnerability {unknown}
 o - a scroll of teleportation
 q - a scroll of blinking {unknown}
Potions
 c - a potion of invisibility
 h - a potion of flight
 i - 2 potions of might
 j - a potion of ambrosia
 p - a potion of lignification


   Skills:
 + Level 2.1 Fighting
 * Level 4.6 Short Blades
 + Level 4.6 Dodging
 + Level 6.4 Stealth
 - Level 4.0 Spellcasting
 * Level 6.1 Hexes


You had 3 spell levels left.
You knew the following spells:

 Your Spells              Type           Power      Damage    Failure   Level
d - Dazzling Flash        Conj/Hex       26%        N/A       13%         3
e - Ensorcelled Hibernat  Hex/Ice        26%        N/A       7%          2
q - Tukima's Dance        Hex            24%        N/A       3%          3
t - Confusing Touch       Hex            24%        N/A       3%          3

Your spell library contained the following spells:

 Spells                   Type           Power      Damage    Failure   Level
 Leda's Liquefaction      Hex/Erth       6%         N/A       41%         4
 Lee's Rapid Deconstruct  Erth           1%         3d5*      99%         5
 Statue Form              Tmut/Erth      2%         N/A       100%        6


Dungeon Overview and Level Annotations

Branches:
Dungeon (4/15)             Temple (0/1) D:7

Altars:
Okawaru

Annotations:
D:7 Maggie


Innate Abilities, Weirdness & Mutations

You are very small and have problems with some larger weapons.
You are too small for most types of armour.
You have supernaturally acute eyesight. (SInv)
You cover ground extremely quickly. (Speed+++)


Message History

You hit the bullfrog but do no damage.
The bullfrog is poisoned.
The necrophage barely misses you. The bullfrog closely misses you.
You hit the necrophage.
The necrophage is lightly damaged.
The necrophage hits you. The bullfrog hits you.
You barely miss the necrophage.
The necrophage is lightly damaged.
The bullfrog misses you. The necrophage closely misses you.
You hit the necrophage.
The necrophage is lightly damaged.
The bullfrog misses you.
A centaur comes into view.
The centaur shouts!
You hit the necrophage but do no damage.
The necrophage is lightly damaged.
You hear a shout!
The bullfrog closely misses you. The necrophage hits you!
You hit the necrophage but do no damage.
The necrophage is lightly damaged.
Your surroundings suddenly seem different.
Found a glowing falchion.
You start resting.
HP restored.
As you read the scroll labelled VUERAC OKKOCS, it crumbles to dust.
You feel aware of your surroundings.
You sensed 1 shop/portal.
It was a scroll of magic mapping.
Okay, then.
Okay, then.
A bullfrog skeleton comes into view.
Maggie the Vainglorious comes into view.
She is wielding a +0 halberd.
The helpless Maggie fails to defend herself.
You spit Maggie like a pig!!!
Maggie is severely wounded.
Maggie points at you and mumbles some strange words.
The bolt of fire hits you!!
Ouch! That really hurt!
Maggie points at you and mumbles some strange words.
The bolt of fire hits you!!
Ouch! That really hurt!
You die...

*,,,,,,,Z..**#.#*,,........>....
*,,,,,,,....*#.#*,,.............
*******,*#..##.#*,,.............
*,*#...#.##,,<.)..........
*,*#......#,,.............
*,*##.#...#*,,,,,,,,,,,,,,
*,**#..)#.#**,,,,,*,,,,,,,
*,......#.# ************,,
**##....#@# *,, #...#.#.####
*********,
#.#........#***,,,,,,,,,
#.##.##..@......,,,,,,**
*,*#,*#######...,,,,,,,* **,**,*
*,,.,,,,,,,* *,,**,*****
*,,,,,,,,,,* **,,,,,,,,,*
*,,,,,,,,,,,
*,,,,,,,,,,****,,,,,,,,,,*


You could see Maggie.

Vanquished Creatures
  A water moccasin (D:4)
  3 scorpions (D:4)
  4 wights (D:4)
  A hound (D:4)
  An iguana (D:4)
  2 orc wizards
  4 gnolls (D:3)
  5 adders
  3 worms (D:2)
  A dart slug (D:2)
  10 orcs
  3 endoplasms (D:1)
  4 giant cockroaches
  6 goblins
  7 hobgoblins
  6 jackals
  6 quokkas
  6 ball pythons
  4 bats
  2 frilled lizards (D:3)
  6 kobolds
  4 rats
89 creatures vanquished.

Vanquished Creatures (others)
  A dancing weapon (D:4)
1 creature vanquished.

Grand Total: 90 creatures vanquished

Notes
Turn   | Place    | Note
-------+----------+-------------------------------------------
     0 | D:1      | orbtoucher the Spriggan Enchanter began the quest for the
                  | Orb.
     0 | D:1      | Reached XP level 1. HP: 9/9 MP: 5/5
   805 | D:1      | Reached XP level 2. HP: 13/13 MP: 6/6
   828 | D:1      | Learned a level 2 spell: Ensorcelled Hibernation
  1714 | D:1      | Reached XP level 3. HP: 16/17 MP: 5/8
  2117 | D:2      | Learned a level 3 spell: Confusing Touch
  2121 | D:2      | Learned a level 3 spell: Tukima's Dance
  2829 | D:2      | Reached XP level 4. HP: 21/21 MP: 0/9
  2928 | D:3      | Found an iron altar of Okawaru.
  3211 | D:3      | Reached skill level 5 in Stealth
  3504 | D:3      | Reached skill level 1 in Fighting
  3759 | D:3      | Reached XP level 5. HP: 25/25 MP: 10/10
  4345 | D:4      | Reached skill level 5 in Hexes
  4470 | D:4      | Reached XP level 6. HP: 30/30 MP: 12/12
  4578 | D:4      | Noticed a water moccasin
  4580 | D:4      | Killed a water moccasin
  4592 | D:4      | Learned a level 3 spell: Dazzling Flash
  4678 | D:4      | Reached XP level 7. HP: 34/34 MP: 13/13
  6041 | D:4      | You fall into a shaft and drop 3 floors!
  6218 | D:7      | Noticed Maggie
  6223 | D:7      | Killed from afar by Maggie

Illustrated notes

Levels and vault maps discovered:
D:1:      dpeg_arrival_central, layout_basic
D:2:      layout_basic, dreamdust_ecumenical_altar_hidden_monk_grotto
D:3:      layout_rooms, lemuel_crystal_altar
D:4:      layout_basic, small_statue_intersection, minmay_quadrilaterals
D:7:      layout_rooms, minmay_temple_entry_glassed_door, serial_shops,
          nicolae_stop_n_shop_2, uniq_maggie

Skill      XL: |  1  2  3  4  5  6  7 |
---------------+----------------------+-----
Hexes          | 4 5 6 |  6.1
Spellcasting   | 3 4 |  4.0
Short Blades   | 2 3 4 |  4.6
Dodging        | 3 4 |  4.6
Stealth        | 5 6 |  6.4
Fighting       | 1 2 |  2.1

Action                   |  1- 3 |  4- 6 |  7- 9 || total
-------------------------+-------+-------+-------++-------
Melee: Dagger            |    99 |    56 |    33 ||   188
Throw: Stone             |       |     3 |       ||     3
 Cast: Ensorcelled Hiber |    31 |    29 |    17 ||    77
       Tukima's Dance    |       |       |     8 ||     8
       Confusing Touch   |       |       |     5 ||     5
  Use: Scroll            |     1 |     4 |     2 ||     7
 Stab: Sleeping          |    24 |    26 |     8 ||    58
       Confused          |       |       |     4 ||     4
Armor: Robe              |    11 |     1 |     1 ||    13
Dodge: Dodged            |    61 |    19 |    19 ||    99

Table legend: (Time is in decaauts)
 A = Elapsed time spent in this place.
 B = Non-inter-level travel time spent in this place.
 C = Inter-level travel time spent in this place.
 D = Time resting spent in this place.
 E = Time spent auto-exploring this place.
 F = Levels seen in this place.
 G = Mean time per level.
                   A        B        C        D        E       F      G
               +--------+--------+--------+--------+--------+-----+--------+
         Total |   4900 |   4827 |     73 |   2452 |    886 |   5 |  980.0 |
       Dungeon |   4900 |   4827 |     73 |   2452 |    886 |   5 |  980.0 |
               +--------+--------+--------+--------+--------+-----+--------+

Top non-repeatable levels by time:
     D:4: 1333 daAuts
     D:1: 1221 daAuts
     D:2: 1116 daAuts
     D:3: 1061 daAuts
     D:7: 167 daAuts
